 Dungeon Crawl Stone Soup version 0.27.1-33-g824d729ab1 (webtiles) character file.

Game seed: 5460673381954125030

247 jlumianski the Ducker (level 6, -6/53 HPs)
             Began as a Gnoll Monk on Dec 20, 2021.
             Killed by nerve-wracking pain
             ... invoked by a shadow imp
             ... summoned by Eustachio
              (10 damage)
             ... on level 4 of the Dungeon.
             The game lasted 00:18:01 (4309 turns).

jlumianski the Ducker (Gnoll Monk)                  Turns: 4309, Time: 00:18:01

Health: -6/53      AC:  9    Str: 12    XL:     6   Next: 11%
Magic:  8/8        EV:  7    Int:  9    God:
Gold:   136        SH:  0    Dex: 15    Spells: 8/8 levels left

rFire    . . .     SeeInvis +   a - +0 hand axe
rCold    . . .     Faith    .   (no shield)
rNeg     . . .     Spirit   .   t - +0 chain mail
rPois    .         Reflect  .   (no helmet)
rElec    .         Harm     .   (no cloak)
rCorr    .         Rampage  .   (no gloves)
Will     .....                  r - +0 pair of boots
Stlth    ..........             (no amulet)
HPRegen  0.17/turn              j - ring of flight
MPRegen  0.11/turn              o - ring of see invisible

@: flying
A: fangs 1, strong nose, distributed training, hooves 1
a: no special abilities


You were on level 4 of the Dungeon.
You visited 1 branch of the dungeon, and saw 5 of its levels.

You collected 136 gold pieces.

Inventory:

Hand Weapons
 a - a +0 hand axe (weapon)
 n - a +0 morningstar
 s - a +2 falchion of holy wrath
Missiles
 d - 20 arrows
 e - 130 stones
 g - 21 sling bullets
 l - 40 bolts
 q - 16 poisoned darts (quivered)
Armour
 b - a +0 robe
 c - a +0 ring mail
 f - a +0 ring mail
 h - a +0 scale mail
 r - a +0 pair of boots (worn)
 t - a +0 chain mail (worn)
Jewellery
 j - a ring of flight (left hand)
 o - a ring of see invisible (right hand)
Scrolls
 i - a scroll of teleportation
 v - a scroll of blinking
Potions
 m - a potion of brilliance
 u - a potion of flight


   Skills:
 + Level 6.8 Fighting
 + Level 1.8 Short Blades
 + Level 1.8 Long Blades
 + Level 6.8 Axes
 + Level 1.8 Maces & Flails
 + Level 1.8 Polearms
 + Level 1.8 Staves
 + Level 1.8 Slings
 + Level 1.8 Bows
 + Level 1.8 Crossbows
 + Level 1.8 Throwing
 + Level 1.8 Armour
 + Level 6.8 Dodging
 + Level 4.5 Stealth
 + Level 1.8 Shields
 + Level 1.8 Unarmed Combat
 + Level 1.8 Spellcasting
 + Level 1.4 Conjurations
 + Level 1.4 Hexes
 + Level 1.4 Summonings
 + Level 1.4 Necromancy
 + Level 1.4 Translocations
 + Level 1.4 Transmutations
 + Level 1.4 Fire Magic
 + Level 1.4 Ice Magic
 + Level 1.4 Air Magic
 + Level 1.4 Earth Magic
 + Level 1.4 Poison Magic
 + Level 2.0 Invocations
 + Level 1.8 Evocations


You had 8 spell levels left.
You didn't know any spells.
Your spell library was empty.

Dungeon Overview and Level Annotations

Branches:
Dungeon (5/15)
 Temple: D:4-7

Altars:
Cheibriados
Gozag
Ru

Annotations:
D:4 Eustachio


Innate Abilities, Weirdness & Mutations

You have very sharp teeth.
Your uncanny sense of smell can sniff out nearby items.
Your experience applies equally to all skills.
You have large cloven feet.


Message History

You hit Eustachio. You bite Eustachio, but do no damage.
Eustachio is moderately wounded.
You closely miss the shadow imp. You closely miss the river rat.
The river rat closely misses you. Eustachio hits you with a +0 rapier.
You hit Eustachio but do no damage.
Eustachio is moderately wounded.
Your chain mail prevents you from hitting the river rat.
You hit the shadow imp. The shadow imp hits you.
The river rat completely misses you. Eustachio hits you with a +0 rapier!
You miss Eustachio.
Eustachio is moderately wounded.
You barely miss the shadow imp. You hit the river rat. The shadow imp hits you.
The river rat bites you. Eustachio hits you with a +0 rapier!
You hit Eustachio but do no damage.
Eustachio is heavily wounded.
You hit the shadow imp. You hit the river rat.
The shadow imp closely misses you. The river rat bites you.
* * * LOW HITPOINT WARNING * * *
Eustachio hits you with a +0 rapier.
* * * LOW HITPOINT WARNING * * *
You hit Eustachio. Your bite misses Eustachio.
Eustachio is heavily wounded.
Your chain mail prevents you from hitting the river rat.
You hit the shadow imp.
The shadow imp disappears for a moment.
The shadow imp completely misses you. The river rat barely misses you.
Eustachio barely misses you.
You hit Eustachio.
Eustachio is severely wounded.
You hit the river rat. You hit the shadow imp. The shadow imp hits you.
* * * LOW HITPOINT WARNING * * *
The river rat bites you.
* * * LOW HITPOINT WARNING * * *
Eustachio completely misses you.
You hit Eustachio but do no damage.
Eustachio is severely wounded.
You closely miss the shadow imp. You closely miss the river rat.
The shadow imp gestures at you. Pain shoots through your body!
You die...

....>...#..#
####.##.#.<# #.#
#.############ #.#
#............# #.#
#............#
#.##...(..........#
####.####............#
...........)...@r5...#
........##......@....#
.....[...............#
..##..##.#..............
<.##..##.###############
#.##...... ..##.#.....
####.#.....# # #.#.....#
# #.#.....#


You could see Eustachio (poisoned), a river rat (summoned) and a shadow imp
(summoned).

Vanquished Creatures
  A jelly (D:4)
  An iron imp (D:3)
  A hound skeleton (D:4)
  A river rat (D:4)
  7 adders
  An adder skeleton (D:4)
  3 worms
  2 dart slugs
  6 orcs
  4 bats
  7 endoplasms
  5 giant cockroaches
  7 goblins
  11 hobgoblins
  2 jackals (D:2)
  2 quokkas
  7 ball pythons
  3 frilled lizards
  A jackal skeleton (D:4)
  5 kobolds
  6 rats
83 creatures vanquished.

Notes
Turn   | Place    | Note
-------+----------+-------------------------------------------
     0 | D:1      | jlumianski the Gnoll Monk began the quest for the Orb.
     0 | D:1      | Reached XP level 1. HP: 23/23 MP: 1/1
   145 | D:1      | Found a faded altar of an unknown god.
   407 | D:1      | Reached XP level 2. HP: 25/29 MP: 2/2
   969 | D:1      | Reached XP level 3. HP: 30/35 MP: 3/3
  1208 | D:2      | Reached skill level 1 in Invocations
  1471 | D:2      | Reached skill level 1 in Short Blades
  1471 | D:2      | Reached skill level 1 in Long Blades
  1471 | D:2      | Reached skill level 1 in Maces & Flails
  1471 | D:2      | Reached skill level 1 in Polearms
  1471 | D:2      | Reached skill level 1 in Staves
  1471 | D:2      | Reached skill level 1 in Slings
  1471 | D:2      | Reached skill level 1 in Bows
  1471 | D:2      | Reached skill level 1 in Crossbows
  1471 | D:2      | Reached skill level 1 in Throwing
  1471 | D:2      | Reached skill level 1 in Armour
  1471 | D:2      | Reached skill level 1 in Shields
  1471 | D:2      | Reached skill level 1 in Unarmed Combat
  1471 | D:2      | Reached skill level 1 in Spellcasting
  1471 | D:2      | Reached skill level 1 in Evocations
  1639 | D:2      | Reached XP level 4. HP: 33/41 MP: 5/5
  2278 | D:3      | Reached skill level 1 in Conjurations
  2278 | D:3      | Reached skill level 1 in Hexes
  2278 | D:3      | Reached skill level 1 in Summonings
  2278 | D:3      | Reached skill level 1 in Necromancy
  2278 | D:3      | Reached skill level 1 in Translocations
  2278 | D:3      | Reached skill level 1 in Transmutations
  2278 | D:3      | Reached skill level 1 in Fire Magic
  2278 | D:3      | Reached skill level 1 in Ice Magic
  2278 | D:3      | Reached skill level 1 in Air Magic
  2278 | D:3      | Reached skill level 1 in Earth Magic
  2278 | D:3      | Reached skill level 1 in Poison Magic
  3094 | D:4      | Reached XP level 5. HP: 47/47 MP: 6/6
  3269 | D:4      | Noticed Eustachio
  3531 | D:4      | Gained mutation: You have large cloven feet. [potion of
                  | mutation]
  3535 | D:5      | Entered Level 5 of the Dungeon
  4022 | D:3      | Found a snail-covered altar of Cheibriados.
  4035 | D:3      | Reached XP level 6. HP: 38/53 MP: 8/8
  4069 | D:3      | Found an opulent altar of Gozag.
  4072 | D:3      | Found a sacrificial altar of Ru.
  4309 | D:4      | Killed from afar by a shadow imp

Illustrated notes

Levels and vault maps discovered:
D:1:      giann_horns, layout_basic, hellmonk_ecumenical_altar_slurped_away
D:2:      minmay_recursive_quarters, layout_basic, solitary_fountain
D:3:      layout_basic, amethyst_overflow_temple_binary, slow_altar_1,
          minmay_misc_feat_alley, minmay_misc_feat_encased
D:4:      cheibrodos_helix_gallery, layout_basic,
          lemuel_mausoleum_altar_yredelemnul, lightli_sewer_entry_pipes,
          minmay_misc_feat_four_crosses, uniq_eustachio
D:5:      layout_loops_ring, fedhas_altar_2, ashenzari_conservatory_becter,
          serial_shops, shop_fountains, grunt_ministairs_4, minmay_ogre_servants

Skill      XL: |  1  2  3  4  5 |
---------------+----------------+-----
Invocations    | 1 2 |  2.0
Short Blades   | 1 |  1.8
Long Blades    | 1 |  1.8
Maces & Flails | 1 |  1.8
Polearms       | 1 |  1.8
Staves         | 1 |  1.8
Slings         | 1 |  1.8
Bows           | 1 |  1.8
Crossbows      | 1 |  1.8
Throwing       | 1 |  1.8
Armour         | 1 |  1.8
Shields        | 1 |  1.8
Unarmed Combat | 1 |  1.8
Spellcasting   | 1 |  1.8
Evocations     | 1 |  1.8
Conjurations   | 1 |  1.4
Hexes          | 1 |  1.4
Summonings     | 1 |  1.4
Necromancy     | 1 |  1.4
Translocations | 1 |  1.4
Transmutations | 1 |  1.4
Fire Magic     | 1 |  1.4
Ice Magic      | 1 |  1.4
Air Magic      | 1 |  1.4
Earth Magic    | 1 |  1.4
Poison Magic   | 1 |  1.4
Fighting       | |  6.8
Axes           | |  6.8
Dodging        | |  6.8
Stealth        | |  4.5

Action                   |  1- 3 |  4- 6 || total
-------------------------+-------+-------++-------
Melee: Hand axe          |   108 |   218 ||   326
       Bite              |     6 |    21 ||    27
       Punch             |     1 |       ||     1
Throw: Stone             |    32 |    51 ||    83
       Dart              |       |     3 ||     3
  Use: Scroll            |     2 |     7 ||     9
       Potion            |       |     2 ||     2
 Stab: Sleeping          |     2 |       ||     2
Armor: Ring mail         |    14 |       ||    14
       Scale mail        |    19 |    66 ||    85
       Chain mail        |       |    22 ||    22
Dodge: Dodged            |    41 |   100 ||   141
